 Dungeon Crawl Stone Soup version 0.31-a0-750-gfe7b580527 (webtiles) character file.

Game seed: 6765453310935126813

89 Aneyh the Poker (level 4, 0/28 HPs)
             Began as a Tengu Monk on Sept 14, 2023.
             Slain by Grinder (6 damage)
             ... on level 2 of the Dungeon.
             The game lasted 00:02:17 (1633 turns).

Aneyh the Poker (Tengu Monk)                        Turns: 1633, Time: 00:02:19

Health: 0/28       AC:  2    Str: 13    XL:     4   Next: 55%
Magic:  5/5        EV: 13    Int: 11    God:
Gold:   32         SH:  0    Dex: 16    Spells: 3/3 levels left

rFire   . . .        a - +0 spear
rCold   . . .        (no shield)
rNeg    . . .        b - +0 robe
rPois   .            (helmet restricted)
rElec   .            (no cloak)
rCorr   .            (no gloves)
SInv    .            (boots unavailable)
Will    .....        (no amulet)
Stlth   +            (no ring)
HPRegen 0.24/turn    (no ring)
MPRegen 0.09/turn

%: acrobat
@: confused, ambrosia-drunk
A: beak, talons 3, acrobatic
a: no special abilities


You were on level 2 of the Dungeon.
You visited 1 branch of the dungeon, and saw 3 of its levels.

You collected 32 gold pieces.

Inventory:

Hand Weapons
 a - a +0 spear (weapon)
 m - a +0 hand axe
Armour
 b - a +0 robe (worn)
 d - an orb of light
 e - a +0 pair of gloves
 f - a +0 ring mail
Scrolls
 i - a scroll of enchant armour {unknown}
 j - 4 scrolls of identify {unknown}
 l - a scroll of revelation {unknown}
 n - a scroll of enchant weapon {unknown}
 p - a scroll of blinking {unknown}
 q - a scroll of brand weapon {unknown}
Potions
 g - a potion of invisibility {unknown}
 h - a potion of haste {unknown}
 k - 2 potions of might {unknown}
 o - a potion of attraction {unknown}


   Skills:
 - Level 3.0 Fighting
 + Level 5.7 Polearms
 - Level 3.2 Dodging


You had 3 spell levels left.
You didn't know any spells.
Your spell library was empty.

Dungeon Overview and Level Annotations

Branches:
Dungeon (3/15)

Altars:

Shops:
D:3 *

Annotations:
D:2 Grinder


Innate Abilities, Weirdness & Mutations

You have a beak for a mouth.
You have claws for feet.
You can magically evade attacks while moving or waiting.


Message History

The goblin shouts!
The bat misses you. The bat barely misses you. The bat closely misses you.
Grinder hits you but does no damage.
You climb upwards.
There is a stone staircase leading down here.
You hit Grinder. Your peck misses Grinder.
Grinder is lightly wounded.
You closely miss Grinder.
Grinder is lightly wounded.
Grinder gestures at you. Pain shoots through your body!
Ouch! That really hurt!
You are too injured to fight recklessly!
You are too injured to fight recklessly!
Okay, then.
You hit Grinder. Your kick misses Grinder. You peck Grinder, but do no damage.
Grinder is moderately wounded.
Grinder gestures at you. Pain shoots through your body!
* * * LOW HITPOINT WARNING * * *
You are confused.
You feel invigorated. Grinder gestures at you.
You suddenly lose the ability to move!
Grinder hits you.
Grinder says, "Just stop there for a second..."
Grinder barely misses you. Grinder hits you.
You writhe in agony.
* * * LOW HITPOINT WARNING * * *
You can move again.
Unknown command.
Unknown command.
You closely miss Grinder. Your kick misses Grinder.
Grinder is lightly wounded.
Grinder hits you!
* * * LOW HITPOINT WARNING * * *
You writhe in agony.
You die...
Grinder says, "Now the real fun starts!"

#.#..###.#.......#####..##..##.#.
#†##.###.##...÷.###.........##.##
#........###...###..###'###..#.#
####.#####.....###.##.....##.#.#
#.# #.##..##..#..#.#..#.#.# #.#
#.##..##..'.#.#.#.'...#
#.#####.#...#...#..#.#..#.###
#...............##.....##.#
#######.....5@...###+###..#
#.#...##...........##
#.##..###.........## #.....#
########### #######


You could see Grinder.

Vanquished Creatures
  Natasha (D:2)
  A worm (D:2)
  7 dart slugs
  7 bats
  5 endoplasms
  2 giant cockroaches
  3 goblins
  6 hobgoblins
  A quokka (D:1)
  4 ball pythons
  A frilled lizard (D:1)
  5 kobolds (D:1)
  5 rats
48 creatures vanquished.

Notes
Turn   | Place    | Note
-------+----------+-------------------------------------------
     0 | D:1      | Aneyh the Tengu Monk began the quest for the Orb.
     0 | D:1      | Reached XP level 1. HP: 14/14 MP: 2/2
   148 | D:1      | Reached XP level 2. HP: 19/19 MP: 3/3
   243 | D:1      | Reached skill level 4 in Polearms
   658 | D:1      | Reached XP level 3. HP: 23/23 MP: 4/4
  1089 | D:2      | Found a faded altar of an unknown god.
  1169 | D:2      | Reached skill level 5 in Polearms
  1302 | D:2      | Reached XP level 4. HP: 28/28 MP: 5/5
  1322 | D:2      | Noticed Natasha
  1326 | D:2      | Killed Natasha
  1622 | D:3      | Noticed Grinder
  1622 | D:3      | Found Fovec's General Store.
  1629 | D:2      | Paralysed by Grinder for 4 turns
  1633 | D:2      | Slain by Grinder

Illustrated notes

Levels and vault maps discovered:
D:1:      dpeg_arrival_orchard, layout_loops_corners
D:2:      layout_loops_corners, ebering_ecumenical_altar_abandoned,
          minmay_misc_feat_diagonals, minmay_box_of_dots, uniq_natasha
D:3:      layout_loops_cross, fedhas_altar_fruit_tree, serial_shops, shop,
          nicolae_the_louvre, uniq_grinder

Skill      XL: |  1  2  3 |
---------------+----------+-----
Polearms       | 4 5 |  5.7
Fighting       | |  3.0
Dodging        | |  3.2

Action                     |  1- 3 |  4- 6 || total
---------------------------+-------+-------++-------
  Melee: Spear             |   105 |    17 ||   122
         Kick              |    17 |     3 ||    20
         Peck              |    11 |     2 ||    13
    Use: Potion            |       |     1 ||     1
   Stab: Sleeping          |     9 |     2 ||    11
 Armour: Robe              |    19 |     6 ||    25
  Dodge: Dodged            |    26 |     5 ||    31

Table legend: (Time is in decaauts)
 A = Elapsed time spent in this place.
 B = Non-inter-level travel time spent in this place.
 C = Inter-level travel time spent in this place.
 D = Time resting spent in this place.
 E = Time spent auto-exploring this place.
 F = Levels seen in this place.
 G = Mean time per level.
                   A        B        C        D        E       F      G
               +--------+--------+--------+--------+--------+-----+--------+
         Total |   1617 |   1592 |     25 |      0 |   1304 |   3 |  539.0 |
       Dungeon |   1617 |   1592 |     25 |      0 |   1304 |   3 |  539.0 |
               +--------+--------+--------+--------+--------+-----+--------+

Top non-repeatable levels by time:
     D:1: 830 daAuts
     D:2: 784 daAuts
     D:3: 2 daAuts
